 Dungeon Crawl Stone Soup version 0.31-a0-256-g80acddb972 (webtiles) character file.

Game seed: 1321831614686113233

579 GordonOverkill the Magician (level 7, -13/46 HPs)
             Began as a Mummy Fire Elementalist on July 13, 2023.
             Was an Initiate of Vehumet.
             Mangled by Pikel
             ... wielding a +2 whip of electrocution
              (17 damage)
             ... on level 6 of the Dungeon.
             The game lasted 00:14:05 (7744 turns).

GordonOverkill the Magician (MuFE)                  Turns: 7744, Time: 00:14:06

Health: -13/46     AC: 12    Str: 14    XL:     7   Next: 13%
Magic:  14/14      EV: 11    Int: 16    God:    Vehumet [......]
Gold:   241        SH:  0    Dex: 12    Spells: 2/15 levels left

rFire   x . .        i - staff of death
rCold   + . .        (no shield)
rNeg    + + +        n - +1 leather armour "Muoqunn" {Str+2}
rPois   ∞            (no helmet)
rElec   .            (no cloak)
rCorr   .            (no gloves)
SInv    .            (no boots)
Will    .....        (no amulet)
Stlth   +            d - +4 ring of protection
HPRegen 0.27/turn    o - +4 ring of protection
MPRegen 0.14/turn

%: faith
@: no status effects
A: cold resistance 1, negative energy resistance 3, torment resistance 2, heat
vulnerability 1, in touch with death 1, no potions, faith
a: Renounce Religion


You were on level 6 of the Dungeon.
You worshipped Vehumet.
Vehumet was noncommittal.
You visited 2 branches of the dungeon, and saw 7 of its levels.

You collected 241 gold pieces.

Inventory:

Hand Weapons
 e - a +0 dagger
Armour
 a - a +0 robe
 n - the +1 leather armour "Muoqunn" (worn) {Str+2}
   (You found it on level 3 of the Dungeon)

   Str:       It affects your strength (+2).
Magical Staves
 i - a staff of death (weapon)
Jewellery
 d - a +4 ring of protection (left hand)
 m - a ring of resist corrosion
 o - a +4 ring of protection (right hand)
Scrolls
 b - a scroll of enchant armour
 c - a scroll of amnesia
 g - 2 scrolls of vulnerability
 j - 2 scrolls of enchant weapon
 k - 2 scrolls of fog
 p - a scroll of revelation {unknown}
 q - a scroll of immolation
 r - a scroll of acquirement {unknown}
 t - a scroll of brand weapon {unknown}


   Skills:
 + Level 1.8 Armour
 - Level 1.5 Dodging
 - Level 1.5 Stealth
 + Level 4.9 Spellcasting
 + Level 2.9 Conjurations
 - Level 2.0 Hexes
 - Level 1.0 Necromancy
 - Level 2.0 Translocations
 + Level 3.6 Fire Magic


You had 2 spell levels left.
You knew the following spells:

 Your Spells              Type           Power      Damage    Failure   Level
a - Foxfire               Conj/Fire      56%        2x1d6     4%          1
b - Scorch                Fire           30%        2d6       6%          2
c - Inner Flame           Hex/Fire       13%        N/A       19%         3
d - Volatile Blastmotes   Fire/Tloc      26%        2d12      19%         3
e - Flame Wave            Conj/Fire      14%        2d6       43%         4

Your spell library contained the following spells:

 Spells                   Type           Power      Damage    Failure   Level


Dungeon Overview and Level Annotations

Branches:
Dungeon (6/15)             Temple (1/1) D:5

Altars:
Ashenzari
Cheibriados
Dithmenos
Fedhas
Gozag
Hepliaklqana
Makhleb
Qazlal
Ru
Sif Muna
Uskayaw
Vehumet
Wu Jian
Yredelemnul

Shops:
D:4 (   D:5 !   D:6 [

Annotations:
D:6 Pikel


Innate Abilities, Weirdness & Mutations

You are immune to poison.
Your flesh is cold resistant. (rC+)
You are immune to negative energy. (rN+++)
You are immune to unholy pain and torment.
You are vulnerable to heat. (rF-)
You are in touch with the powers of death.
You do not drink.
You have a special connection with the divine. (Faith)


Message History

You kill the lemure!
That felt strangely unrewarding.
You start resting.
Magic restored.
You start resting.
HP restored.
There is a stone staircase leading down here.
You climb downwards.
Level annotation: Pikel
Found 105 gold pieces.
Found Gijaonn's Antique Armour Emporium.
Found a stone staircase leading down.
There is a stone staircase leading up here.
The lemure shouts!
You see here 15 gold pieces.
You now have 241 gold pieces (gained 14).
You see here 17 gold pieces.
You see here 6 gold pieces.
Pikel shouts!
The lemure hits you but does no damage.
You see here 15 gold pieces.
The lemure hits you but does no damage. The lemure closely misses you.
Found a scroll labelled VUZYGROUTI.
A scorpion comes into view.
The lemure attacks as you move away! The lemure hits you! The lemure hits you.
The lemure attacks as you move away! The lemure hits you but does no damage.
Found a shadowy altar of Dithmenos.
Pikel attacks as you move away!
Pikel hits you with a +2 whip of electrocution.
You are electrocuted!!
* * * LOW HITPOINT WARNING * * *
The lemure attacks as you move away! The lemure hits you but does no damage.
The air fills with toxic fumes!
As you read the scroll of poison, it crumbles to dust.
Pikel hits you with a +2 whip of electrocution!
* * * LOW HITPOINT WARNING * * *
You are electrocuted!
You die...

#####.###.####
#>.....#§§§§§#
#......+§§§§§#
#.....##.§§§§#
#.....##..§§§##### ..
#..........§§§§§§##.# #
##....###....§§§§##... #
#.<...####.###§§##.... #
#.....$.$#..##@§#.....
#.....$∩$##..#K5§§§§§§
#.......$$$###.#§§#§§§§§
#'#..####..# #.#§§##§§§§
.....# #.## #.§§§§##§§§
...... #.# ###§§§§# §#
....## ..# #§§§§.# §
.... ..# ####### ...


You could see Pikel and a lemure.

Vanquished Creatures
  A black bear (D:5)
  An ogre (D:5)
  2 lemures
  2 hounds
  2 orc priests
  A gnoll bouda (D:5)
  An iguana (D:5)
  A sleepcap (D:4)
  10 gnolls
  5 adders
  2 dart slugs (D:2)
  4 orcs (D:4)
  4 bats
  5 endoplasms
  3 giant cockroaches
  3 goblins
  5 hobgoblins
  5 quokkas
  6 ball pythons
  A frilled lizard (D:2)
  7 kobolds
  5 rats
76 creatures vanquished.

Vanquished Creatures (collateral kills)
  2 foxfires (D:3)
2 creatures vanquished.

Vanquished Creatures (others)
  207 foxfires
207 creatures vanquished.

Grand Total: 285 creatures vanquished

Notes
Turn   | Place    | Note
-------+----------+-------------------------------------------
     0 | D:1      | GordonOverkill the Mummy Fire Elementalist began the quest
                  | for the Orb.
     0 | D:1      | Reached XP level 1. HP: 13/13 MP: 4/4
   365 | D:1      | Reached skill level 1 in Conjurations
   717 | D:1      | Reached skill level 3 in Spellcasting
   914 | D:2      | Reached XP level 2. HP: 19/19 MP: 3/6
  1196 | D:2      | Learned a level 2 spell: Scorch
  2762 | D:2      | Gained mutation: You are in touch with the powers of death.
                  | [Mummy growth]
  2762 | D:2      | Reached XP level 3. HP: 24/24 MP: 2/7
  3273 | D:3      | Learned a level 3 spell: Inner Flame
  3277 | D:3      | Learned a level 3 spell: Volatile Blastmotes
  3633 | D:3      | Reached XP level 4. HP: 19/30 MP: 0/9
  4067 | D:3      | Identified the +1 leather armour "Muoqunn" {Str+2}
  4809 | D:4      | Reached skill level 1 in Necromancy
  4949 | D:3      | Reached skill level 1 in Hexes
  5083 | D:4      | Reached skill level 4 in Spellcasting
  5083 | D:4      | Reached skill level 1 in Translocations
  5083 | D:4      | Reached XP level 5. HP: 32/35 MP: 2/11
  5162 | D:4      | Found a snail-covered altar of Cheibriados.
  5500 | D:4      | Found Riutonke's Weapon Shop.
  5548 | D:4      | Reached skill level 1 in Armour
  5944 | D:5      | Entered Level 5 of the Dungeon
  6044 | D:5      | Noticed a phantom
  6093 | D:5      | Found a staircase to the Ecumenical Temple.
  6098 | D:5      | Reached XP level 6. HP: 20/41 MP: 3/12
  6228 | Temple   | Entered the Ecumenical Temple
  6487 | Temple   | Became a worshipper of Vehumet
  6513 | D:5      | Found a stormy altar of Qazlal.
  6519 | D:5      | Learned a level 4 spell: Flame Wave
  6964 | D:5      | Reached XP level 7. HP: 31/46 MP: 4/14
  7226 | D:5      | Found Dotev's Distillery.
  7551 | D:6      | Noticed Pikel
  7714 | D:6      | Found Gijaonn's Antique Armour Emporium.
  7741 | D:6      | Found a shadowy altar of Dithmenos.
  7744 | D:6      | Mangled by Pikel

Illustrated notes

Levels and vault maps discovered:
D:1:      tekkud_arrival_beachfront_property, layout_basic
D:2:      layout_loops_ring
D:3:      layout_basic, marbit_many_paths, serial_bayou, serial_bayou_crossing,
          serial_bayou_lagoon_b, serial_bayou_ford_a, serial_bayou_lake_a,
          serial_bayou_pond_c, minmay_misc_feat_ornament
D:4:      layout_loops_ring, cheibriados_altar_1, serial_shops, shop
D:5:      layout_loops_ring, nicolae_qazlal_scattered_showers,
          minmay_temple_entry_proselytizer, serial_shops, shop
D:6:      layout_basic, lemuel_round_altar, serial_shops,
          nicolae_shop_real_fake_doors, nicolae_book_shop_shelving,
          nicolae_shop_behind_doors, shop_coins, uniq_pikel
Temple:   nicolae_temple_figure_eight

Skill      XL: |  1  2  3  4  5  6  7 |
---------------+----------------------+-----
Conjurations   | 1 2 |  2.9
Spellcasting   | 3 4 |  4.9
Fire Magic     | 3 |  3.6
Necromancy     | 1 |  1.0
Hexes          | 1 2 |  2.0
Translocations | 1 2 |  2.0
Armour         | 1 |  1.8
Dodging        | |  1.5
Stealth        | |  1.5

Action                     |  1- 3 |  4- 6 |  7- 9 || total
---------------------------+-------+-------+-------++-------
  Melee: Dagger            |    14 |    54 |    23 ||    91
         Staff             |       |       |    10 ||    10
         Punch             |       |       |     1 ||     1
   Cast: Foxfire           |    53 |    50 |    21 ||   124
         Scorch            |    22 |    34 |    14 ||    70
         Inner Flame       |       |     1 |       ||     1
         Volatile Blastmot |       |     2 |       ||     2
    Use: Scroll            |     4 |     5 |     5 ||    14
 Armour: Robe              |     9 |       |       ||     9
         Leather armour    |       |    44 |    27 ||    71
  Dodge: Dodged            |    18 |    50 |    30 ||    98

Table legend: (Time is in decaauts)
 A = Elapsed time spent in this place.
 B = Non-inter-level travel time spent in this place.
 C = Inter-level travel time spent in this place.
 D = Time resting spent in this place.
 E = Time spent auto-exploring this place.
 F = Levels seen in this place.
 G = Mean time per level.
                   A        B        C        D        E       F      G
               +--------+--------+--------+--------+--------+-----+--------+
         Total |   7836 |   7551 |    285 |   3216 |   3187 |   7 | 1119.4 |
       Dungeon |   7566 |   7322 |    244 |   3216 |   2965 |   6 | 1261.0 |
        Temple |    269 |    228 |     41 |      0 |    222 |   1 |  269.0 |
               +--------+--------+--------+--------+--------+-----+--------+

Top non-repeatable levels by time:
     D:2: 2282 daAuts
     D:3: 1728 daAuts
     D:5: 1382 daAuts
     D:4: 1208 daAuts
     D:1: 910 daAuts
  Temple: 269 daAuts
     D:6: 54 daAuts
